 Dungeon Crawl Stone Soup version 0.25-a0-505-gae4569222e (webtiles) character file.

Game seed: 13855377611081520052, levelgen mode: deterministic

163 kae the Insei (level 5, 0/41 HPs)
             Began as a Demonspawn Gladiator on Feb 14, 2020.
             Slain by a worm (8 damage)
             ... on level 3 of the Dungeon.
             The game lasted 00:01:28 (1950 turns).

kae the Insei (Demonspawn Gladiator)                Turns: 1950, Time: 00:01:29

Health: 0/41       AC:  4    Str: 13 (14) XL:     5   Next: 20%
Magic:  5/5        EV: 12    Int:  9 (10) God:
Gold:   142        SH:  0    Dex: 12 (15) Spells: 4/4 levels left

rFire    . . .     SeeInvis .     - Unarmed
rCold    . . .     Gourm    .   (no shield)
rNeg     . . .     Faith    .   a - +0 leather armour
rPois    .         Spirit   .   (helmet restricted)
rElec    .         Reflect  .   (no cloak)
rCorr    .         Harm     .   j - +0 pair of gloves
MR       .....                  (no boots)
Stlth    +.........             (no amulet)
HPRegen  0.13/turn              (no ring)
MPRegen  0.09/turn              (no ring)

@: no status effects
A: antennae 1, claws 1, demonic guardian 1
a: no special abilities


You were on level 3 of the Dungeon.
You were hungry.

You visited 1 branch of the dungeon, and saw 3 of its levels.

You collected 142 gold pieces.

Inventory:

Missiles
 c - 3 throwing nets (quivered)
Armour
 a - a +0 leather armour (worn)
 b - a +0 helmet
 j - a +0 pair of gloves (worn)
Jewellery
 f - an uncursed amulet of regeneration {unknown}
 p - an uncursed ring of see invisible {unknown}
Scrolls
 e - a scroll of fog {unknown}
 g - 4 scrolls of identify {unknown}
 i - 2 scrolls of enchant armour {unknown}
 k - 3 scrolls of remove curse {unknown}
 l - a scroll of enchant weapon {unknown}
 n - a scroll of magic mapping {unknown}
 o - a scroll of fear {unknown}
 r - a scroll of teleportation {unknown}
Potions
 q - a potion of agility {unknown}
Comestibles
 d - 6 rations


   Skills:
 + Level 3.4 Fighting
 - Level 1.7 Throwing
 - Level 2.6 Dodging
 * Level 4.7 Unarmed Combat


You had 4 spell levels left.
You didn't know any spells.
Your spell library was empty.

Dungeon Overview and Level Annotations

Branches:
Dungeon (3/15)

Altars:
Kikubaaqudgha
Ru

Annotations:
D:3 1 runed translucent door, Crazy Yiuf


Innate Abilities, Weirdness & Mutations

You have a pair of small antennae on your head.
You have sharp fingernails.
A weak demonic guardian rushes to your aid.


Message History

You kill Robin!
The worm misses you.
Items here: ))) [[ †† You hit the worm.
The worm is lightly wounded.
You hit the worm.
The worm is heavily wounded.
The worm bites you.
* * * LOW HITPOINT WARNING * * *
You completely miss the worm.
The worm is heavily wounded.
You hit the worm but do no damage.
The worm is heavily wounded.
The worm misses you.
You hit the worm.
The worm is heavily wounded.
You barely miss the worm.
The worm is heavily wounded.
The worm bites you!
You die...

.......#..# ######....#
##..## #.## #.# # ##.#
## ##..# #.#
.####...###########....#
.'.............)@w......
.####.....#########....#
## #..†..# #.# # #.....#
##...## ###.# #.# #.#
#.#


You could see a worm.

Vanquished Creatures
  A vampire bat (D:2)
  Robin (D:3)
  2 gnolls
  2 adders (D:2)
  A worm (D:2)
  4 dart slugs
  3 bat skeletons (D:2)
  2 bat zombies (D:2)
  2 giant cockroaches
  13 goblins
  9 hobgoblins
  6 kobolds
  8 bats
  3 frilled lizards
  9 rats
66 creatures vanquished.

Vanquished Creatures (collateral kills)
  A gnoll (D:2)
  A bat skeleton (D:2)
2 creatures vanquished.

Grand Total: 68 creatures vanquished

Notes
Turn   | Place    | Note
-------+----------+-------------------------------------------
     0 | D:1      | kae the Demonspawn Gladiator began the quest for the Orb.
     0 | D:1      | Reached XP level 1. HP: 16/16 MP: 1/1
    67 | D:1      | Reached skill level 3 in Unarmed Combat
   431 | D:1      | Gained mutation: A weak demonic guardian rushes to your
                  | aid. [demonic ancestry]
   431 | D:1      | Reached XP level 2. HP: 15/22 MP: 2/2
   877 | D:2      | Gained mutation: You have a pair of small antennae on your
                  | head. [demonic ancestry]
   877 | D:2      | Reached XP level 3. HP: 28/28 MP: 3/3
   904 | D:1      | HP: 1/28 [gnoll/+0 club (6)]
  1141 | D:2      | Reached skill level 4 in Unarmed Combat
  1210 | D:2      | Reached XP level 4. HP: 34/34 MP: 4/4
  1474 | D:2      | Found a sacrificial altar of Ru.
  1532 | D:2      | Found an ancient bone altar of Kikubaaqudgha.
  1786 | D:3      | Found a runed translucent door.
  1787 | D:3      | Noticed Crazy Yiuf
  1886 | D:3      | Noticed Robin
  1892 | D:3      | Gained mutation: You have sharp fingernails. [demonic
                  | ancestry]
  1892 | D:3      | Reached XP level 5. HP: 41/41 MP: 5/5
  1943 | D:3      | Killed Robin
  1950 | D:3      | Slain by a worm

Levels and vault maps discovered:
D:1:      dpeg_arrival_arbitrary_c, layout_loops_ring
D:2:      layout_rooms, marbit_many_paths, kennysheep_vampire_church,
          corexii_hall_statues_l
D:3:      layout_loops_corners, first_ration, uniq_robin, uniq_terence,
          uniq_jessica, uniq_crazy_yiuf_cottage

Skill      XL: |  1  2  3  4 |
---------------+-------------+-----
Unarmed Combat | 3 4 |  4.7
Fighting       | 3 |  3.4
Throwing       | |  1.7
Dodging        | |  2.6

Action                   |  1- 3 |  4- 6 || total
-------------------------+-------+-------++-------
Melee: Unarmed           |   124 |   142 ||   266
       Punch             |     3 |     2 ||     5
  Use: Potion            |     3 |     2 ||     5
 Stab: Sleeping          |     2 |       ||     2
  Eat: Chunk             |     1 |     2 ||     3
Armor: Leather armour    |    42 |    34 ||    76
Dodge: Dodged            |    78 |   105 ||   183

Table legend:
 A = Non-vault XP
 B = Vault XP
 C = Vault XP percentage of total XP
 D = Non-vault monster count
 E = Vault monster count
 F = Vault count percentage of total count
                 A         B        C        D         E       F
            +---------+---------+-------+---------+---------+-------
      Total |     135 |      98 |  42.1 |      47 |      21 |  30.9
            +---------+---------+-------+---------+---------+-------
        D:1 |      46 |       0 |   0.0 |      21 |       0 |   0.0
        D:2 |      82 |      58 |  41.4 |      23 |       8 |  25.8
        D:3 |       7 |      40 |  85.1 |       3 |      13 |  81.2
            +---------+---------+-------+---------+---------+-------
